Map: Abyssal Reef LE

Players

Pain - Winner!

  • Race: Terran Terran
  • Spawn Location: 11:00

A.I. 1 (Easy)

  • Race: Terran Terran
  • Spawn Location: 5:00

VOD

Have the link to the VOD?

Description

Time

  • Played on: Sept. 5, 2017, 8:45 p.m.
  • Length: 12:43
Show
View Real Time Build Order
Export as new Build Order

Pain Terran - Winner!

Build Orders:  

Get SALT Encoding   

  12  0:19  Supply Depot  
  12  0:47  Barracks  
  12  1:04  Refinery  
  12  1:17  SCV  
  13  1:29  SCV  
  14  1:41  SCV  
  14  1:43  Supply Depot  
  15  1:50  Reaper  
  15  1:53  SCV  
  16  2:05  SCV  
  17  2:17  SCV  
  18  2:29  SCV  
  19  2:35  Bunker  
  19  2:41  Engineering Bay  
  19  2:49  Reaper  
  20  2:58  SCV  
  21  3:10  SCV  
  21  3:11  Terran Infantry Weapons Level 1  
  22  3:22  SCV  
  22  3:25  Supply Depot  
  23  3:37  Missile Turret, Marine  
  24  3:50  Barracks  
  24  3:55  Marine  
  25  4:11  Supply Depot  
  25  4:13  Missile Turret, Marine  
  26  4:30  Marine  
  27  5:12  Marine  
  28  5:30  Marine  
  29  5:42  Barracks Tech Lab  
  29  5:47  Marine  
  29  5:49  Supply Depot  
  30  6:05  Marine  
  31  6:21  Marauder  
  31  6:23  Marine  
  34  6:36  Supply Depot  
  34  6:42  Marauder  
  36  6:48  Refinery  
  36  6:53  SCV  
  37  7:04  Marauder  
  37  7:05  SCV  
  40  7:09  Factory  
  40  7:22  Factory  
  40  7:24  Supply Depot  
  40  7:25  Marauder  
  43  7:39  Barracks Reactor  
  42  7:46  Marauder  
  43  8:08  Marauder  
  45  8:23  Combat Shields  
  45  8:29  Marauder  
  45  8:31  Factory Reactor  
  45  8:34  Factory Reactor  
  47  8:37  Marine x2  
  49  8:50  Marauder  
  49  8:55  Marine x2  
  52  8:57  Terran Infantry Armor Level 1  
  52  9:13  Marine x2  
  52  9:23  Hellion  
  52  9:24  Hellion  
  56  9:30  Marine  
  56  9:31  Marine  
  58  9:45  Hellion x2  
  62  10:00  Hellion x2  
  62  10:06  Hellion x2  
  59  10:21  Hellion  
  59  10:22  Hellion  
  59  10:28  Hellion x2  
  63  10:43  Hellion x2  
  63  10:49  Hellion x2  
  71  11:27  Supply Depot  
  71  11:28  Marine  
  70  11:46  Marine  
  71  11:49  Hellion x4  
  79  12:07  Marine  
  78  12:10  Hellion  
  78  12:24  Marine  
Show
View Real Time Build Order
Export as new Build Order

A.I. 1 (Easy) Terran 

Build Orders:  

Get SALT Encoding   

  12  0:00  SCV  
  13  0:13  SCV  
  14  0:19  Supply Depot  
  14  0:25  SCV  
  15  0:40  SCV  
  15  0:42  Barracks  
  16  0:47  Refinery  
  16  1:10  Supply Depot  
  16  1:20  Refinery  
  16  1:29  Orbital Command  
  16  1:30  Marine  
  17  1:55  Marine  
  18  2:13  Supply Depot  
  18  2:14  Barracks Tech Lab  
  18  2:15  SCV  
  19  2:27  SCV  
  20  2:32  Marine  
  21  2:39  SCV  
  22  2:51  SCV  
  22  2:58  Marauder  
  25  3:03  SCV  
  26  3:15  SCV  
  27  3:23  Marauder  
  29  3:48  Marauder  
  31  4:12  Marine  
  32  4:43  SCV  
  32  7:02  Reaper  
  32  7:04  Supply Depot  
  33  7:10  Command Center  
  33  7:28  Factory  
  33  7:31  Supply Depot  
  33  7:34  Marine  
  24  7:51  Marine  
  25  8:09  Marine  
  26  8:14  Starport  
  26  8:22  SCV  
  26  8:24  Refinery  
  26  8:26  SCV  
  28  8:27  Marine  
  28  8:30  Refinery  
  29  8:34  SCV  
  29  8:39  SCV  
  31  8:45  Marine  
  31  8:46  SCV  
  33  8:51  SCV, Starport Tech Lab  
  34  8:58  SCV  
  35  9:03  SCV, Marine  
  35  9:09  Raven  
  39  9:11  SCV  
  39  9:12  Hellion  
  39  9:15  SCV  
  40  9:23  SCV  
  39  9:27  SCV, Marine  
  41  9:35  SCV  
  36  9:39  SCV  
  36  9:42  Hellion  
  33  9:47  SCV  
  33  9:51  SCV  
  33  9:52  Raven  
  34  9:56  Reaper  
  34  9:59  SCV  
  36  10:03  SCV  
  36  10:11  SCV, Hellion  
  34  10:15  SCV  
  35  10:23  SCV  
  35  10:27  SCV  
  37  10:28  Marine  
  37  10:35  SCV  
  37  10:38  Raven  
  37  10:40  SCV  
  37  10:41  Hellion  
  35  10:47  SCV  
  34  10:52  SCV  
  34  10:55  Reaper  
  31  10:59  SCV  
  31  11:04  SCV  
  25  11:10  Hellion  
  26  11:12  SCV  
  28  11:21  Raven  
  28  11:24  SCV  
  29  11:27  Marine  
  27  11:36  SCV  
  28  11:40  Hellion  
  28  11:48  SCV  
  29  11:54  Marine  
  29  11:58  Command Center  
  29  12:00  SCV  
  32  12:09  Hellion  
  32  12:12  SCV  
  22  12:17  Supply Depot, Marine  
  19  12:24  SCV  
Tags
 
Matchup
TvT
Race
Terran
Replay Pack
RP
Spawn Locations
Cross Positions
Add a new tag
Caveats
  • Supply blocks, unpowered buildings, or Contaminate may cause inaccurate times.
  • Supply counts are checked every 10 seconds.